 Dungeon Crawl Stone Soup version 0.16.1 (webtiles) character file.

1336 Fiveotanaka the Stinger (level 8, 0/41 HPs)
             Began as a Deep Elf Venom Mage on Mar 27, 2015.
             Was an Initiate of Sif Muna.
             Slain by a phantom (6 damage)
             ... on level 7 of the Dungeon.
             The game lasted 00:32:14 (9323 turns).

Fiveotanaka the Stinger (Deep Elf Venom Mage)       Turns: 9323, Time: 00:32:14

Health: 0/41       AC:  4    Str:  5    XL:     8   Next: 35%
Magic:  25/25      EV: 15    Int: 23    God:    Sif Muna [......]
Gold:   346        SH:  0    Dex: 15    Spells: 4 memorised, 6 levels left

rFire  . . .     SeeInvis .     B - +1 dagger (venom)
rCold  . . .     Clarity  .     a - +0 robe
rNeg   . . .     SustAb   .     (no shield)
rPois  +         Gourm    .     J - +0 helmet
rElec  .         Spirit   .     o - +0 cloak
rCorr  .         Warding  .     (no gloves)
rMut   .         Stasis   .     (no boots)
MR     .....                    (no amulet)
Stlth  +++.......               K - ring of stealth
                                r - ring of poison resistance

@: not resistant to hostile enchantments, fairly stealthy
A: no striking features
a: Renounce Religion


You were on level 7 of the Dungeon.
You worshipped Sif Muna.
Sif Muna was noncommittal.
You were not hungry.

You visited 2 branches of the dungeon, and saw 8 of its levels.

You collected 346 gold pieces.

Inventory:

Hand weapons
 k - the +9 flail of Fear {freeze, -Tele +Inv Dex+3, unknown}
   (You found it on level 7 of the Dungeon)

   It has been specially enchanted to freeze those struck by it, causing extra
   injury to most foes and up to half again as much damage against particularly
   susceptible opponents.
   It can also slow down cold-blooded creatures.
   It affects your dexterity (+3).
   It lets you turn invisible.
   It prevents most forms of teleportation.
 s - a +0 short sword
 B - a +1 dagger of venom (weapon)
Missiles
 f - 292 stones (quivered)
 h - 7 tomahawks
 i - 3 poisoned tomahawks
Armour
 a - a +0 robe (worn)
 o - a +0 cloak (worn)
 J - a +0 helmet (worn)
Jewellery
 r - a ring of poison resistance (left hand)
 K - a ring of stealth (right hand)
Magical devices
 g - a wand of disintegration (14)
Scrolls
 j - 6 scrolls of remove curse
 l - a scroll of noise
 p - a scroll of blinking
 q - a scroll of fog
 u - a scroll of enchant weapon {unknown}
 v - 2 scrolls of immolation
 y - a scroll of fear {unknown}
 C - a scroll of summoning {unknown}
 H - 3 scrolls of teleportation
 I - 2 scrolls of magic mapping
 L - a scroll of random uselessness {unknown}
Potions
 d - 6 potions of curing
 e - 3 potions of heal wounds
 m - a potion of invisibility
 t - a potion of cancellation {unknown}
 x - 3 potions of lignification
 z - a potion of agility {unknown}
 A - a potion of poison {unknown}
 E - a potion of restore abilities
 F - a potion of magic {unknown}
 G - 2 potions of degeneration {unknown}
 M - a potion of might {unknown}
Books
 b - a Young Poisoner's Handbook

   Spells                             Type                      Level
   a - Sting                          Conjuration/Poison           1
   b - Cure Poison                    Poison                       2
   c - Mephitic Cloud                 Conjuration/Poison/Air       3
   d - Olgreb's Toxic Radiance        Poison                       4
   e - Venom Bolt                     Conjuration/Poison           5
Comestibles
 c - 4 bread rations
 n - 3 meat rations
 w - 2 beef jerkies
 D - 4 fruits


   Skills:
 + Level 5.9 Dodging
 - Level 2.4 Stealth
 - Level 6.2 Spellcasting
 - Level 6.6 Conjurations
 - Level 7.2 Poison Magic


You had 6 spell levels left.
You knew the following spells:

 Your Spells              Type           Power        Failure   Level  Hunger
a - Sting                 Conj/Pois      ####         1%          1    None
b - Mephitic Cloud        Conj/Pois/Air  ####....     4%          3    #......
c - Olgreb's Toxic Radia  Pois           #####...     6%          4    ###....
d - Venom Bolt            Conj/Pois      #####.....   14%         5    #####..


Dungeon Overview and Level Annotations

Branches:
Dungeon (7/15)             Temple (1/1) D:5

Altars:
Ashenzari
Cheibriados
Dithmenos
Elyvilon
Fedhas
Gozag
Kikubaaqudgha
Makhleb
Nemelex Xobeh
Okawaru
Qazlal
Ru
Sif Muna
Vehumet
Xom
Yredelemnul
Zin

Shops:
D:6 (   D:7 ?

Annotations:
D:3 jorbis' ghost, average DsEn


Message History

The ice beast is moderately wounded.
The ice beast completely misses you.
Found a dazzling flail.
The ice beast misses you.
Found Mourrata's Magic Scroll Emporium.
You see here a dazzling flail.
k - a dazzling flail The ice beast hits you.
* * * LOW HITPOINT WARNING * * *
The ice beast freezes you!
* * * LOW HITPOINT WARNING * * *
Wear which item? (? for menu, Esc to quit)
Okay, then.
Read which item? (? for menu, Esc to quit)
Okay, then. 2 wights come into view.
A wight comes into view.
It is wielding an enchanted short sword.
Found a hand axe.
The phantom hits you.
You die...

...............#.................
.........$..............#########
....................z.....#
..........................#
..........................#
.............###...z......###
[.......####......Y.........#
.....>......................#
....########....@W..........#
....####...####.............#
............................#
............................#
............................#
....#.......................#
....#..........#####........#
#####..........# ##########
#.....(....#


You could see a phantom, an ice beast and 2 wights.

Vanquished Creatures
  A black bear (D:5)
  2 ogres
  2 centaurs (D:6)
  2 scorpions
  A giant frog zombie (D:6)
  6 orc priests
  3 orc wizards
  A giant frog skeleton (D:4)
  Natasha (D:5)
  An iguana (D:4)
  7 worker ants
  Ijyb (D:3)
  11 adders
  A giant mite (D:6)
  4 worms
  3 oozes
  18 orcs
  3 ball pythons
  A bat skeleton (D:4)
  4 giant cockroaches
  9 goblins
  11 hobgoblins
  6 jackals (D:1)
  13 kobolds
  2 quokkas (D:3)
  17 bats
  5 giant geckos
  6 giant newts
  A giant spore (D:6)
  A quokka skeleton (D:4)
  9 rats
  A spectral orc (D:2)
154 creatures vanquished.

Vanquished Creatures (others)
  An orc wizard (D:6)
  A giant spore (D:6)
  2 ballistomycetes (D:6)
4 creatures vanquished.

Grand Total: 158 creatures vanquished

Notes
Turn   | Place    | Note
--------------------------------------------------------------
     0 | D:1      | Fiveotanaka, the Deep Elf Venom Mage, began the quest for the Orb.
     0 | D:1      | Reached XP level 1. HP: 10/10 MP: 5/5
   125 | D:1      | Reached skill level 1 in Conjurations
   375 | D:1      | Reached XP level 2. HP: 15/15 MP: 6/8
   842 | D:1      | Reached XP level 3. HP: 19/19 MP: 8/10
  1262 | D:1      | Learned a level 3 spell: Mephitic Cloud
  1668 | D:2      | Reached XP level 4. HP: 24/24 MP: 9/13
  1922 | D:2      | Found an iron altar of Okawaru.
  2141 | D:2      | Found a basalt altar of Yredelemnul.
  2552 | D:3      | Noticed Ijyb
  2563 | D:3      | Killed Ijyb
  2637 | D:3      | Reached skill level 5 in Conjurations
  3156 | D:3      | Reached XP level 5. HP: 28/28 MP: 13/16
  3507 | D:3      | Found a shattered altar of Ashenzari.
  3636 | D:3      | Noticed jorbis' ghost (average DsEn)
  4075 | D:3      | Reached skill level 6 in Conjurations
  4596 | D:3      | Reached XP level 6. HP: 32/32 MP: 6/18
  5144 | D:4      | Reached skill level 5 in Poison Magic
  5481 | D:4      | Learned a level 4 spell: Olgreb's Toxic Radiance
  5681 | D:4      | Reached XP level 7. HP: 32/36 MP: 20/20
  6105 | D:5      | Entered Level 5 of the Dungeon
  6273 | D:5      | Reached skill level 7 in Poison Magic
  6457 | D:5      | Found a basalt altar of Yredelemnul.
  6929 | D:5      | Noticed Natasha
  6933 | D:5      | Killed Natasha
  6933 | D:5      | Reached skill level 5 in Dodging
  7498 | D:5      | Found a staircase to the Ecumenical Temple.
  7557 | D:5      | Found a deep blue altar of Sif Muna.
  7557 | D:5      | Found a stormy altar of Qazlal.
  7561 | D:5      | Became a worshipper of Sif Muna the Loreminder
  7811 | D:6      | Found Golacy's Antique Weapon Boutique.
  7816 | D:6      | Noticed a purple ugly thing
  8064 | Temple   | Entered the Ecumenical Temple
  8221 | D:6      | Reached XP level 8. HP: 12/41 MP: 15/22
  8260 | D:6      | Reached skill level 5 in Spellcasting
  8270 | D:6      | Learned a level 5 spell: Venom Bolt
  9290 | D:7      | Found Mourrata's Magic Scroll Emporium.
  9293 | D:7      | Got a dazzling flail
  9323 | D:7      | Slain by a phantom

Action                   |  1- 3 |  4- 6 |  7- 9 || total
-------------------------+-------+-------+-------++-------
Melee: Club              |     3 |     2 |       ||     5
       Short sword       |       |    17 |       ||    17
       Dagger            |       |    26 |    77 ||   103
Throw: Stone             |       |     3 |       ||     3
 Cast: Sting             |    73 |   141 |   109 ||   323
       Mephitic Cloud    |       |    11 |    10 ||    21
  Use: Scroll            |       |       |    13 ||    13
 Stab: Sleeping          |       |     1 |     2 ||     3
  Eat: Chunk             |     2 |     8 |     9 ||    19
       Meat ration       |       |     1 |       ||     1
       Pizza             |       |       |     2 ||     2
